 Dungeon Crawl Stone Soup version 0.30.0-17-ge0270778cf (webtiles) character file.

Game seed: 3289595331661305956

387190 Mahakala the Slayer (level 22, -7/193 (226) HPs)
             Began as a Minotaur Berserker on May 22, 2023.
             Was a High Priest of Trog.
             Mangled by a hell knight
             ... wielding a +5 halberd of flaming
              (12 damage)
             ... on level 4 of the Depths on May 23, 2023.
             The game lasted 03:28:22 (65041 turns).

Mahakala the Slayer (Minotaur Berserker)           Turns: 65041, Time: 03:28:23

HP:   -7/193 (226)  AC: 31    Str: 44    XL:     22   Next: 2%
MP:   0/21          EV: 15    Int:  8    God:    Trog [*****.]
Gold: 2540          SH:  0    Dex: 13    Spells: 21/21 levels left

rFire   + . .        a - +9 executioner's axe (flame)
rCold   + . .        (shield currently unavailable)
rNeg    . . .        N - +2 plate armour {rC+}
rPois   .            Z - +2 hat
rElec   .            r - +0 cloak {Will+}
rCorr   .            h - +2 pair of gloves {hurl}
SInv    .            O - +0 pair of boots
Will    +++..        g - amulet of Qaah {Spirit Contam rF+ Str+10 Int+2} Stlth
                     A - +6 ring of strength
HPRegen 0.52/turn    l - ring of willpower
MPRegen 0.17/turn

%: guardian spirit
@: about to teleport, on berserk cooldown, heavily drained, invisible
A: horns 2, retaliatory headbutt
}: 2/15 runes: decaying, serpentine
a: Renounce Religion, Berserk, Trog's Hand, Brothers in Arms


You were on level 4 of the Depths.
You worshipped Trog.
Trog was extremely pleased with you.
You visited 7 branches of the dungeon, and saw 38 of its levels.
You also visited: Ossuary and Wizlab.

You collected 4547 gold pieces.
You spent 2007 gold pieces at shops.

Inventory:

Hand Weapons
 a - a +9 executioner's axe of flaming (weapon)
 b - a +9 antimagic executioner's axe
Missiles
 e - 9 boomerangs (quivered)
 w - 5 atropa-tipped darts {!f}
 M - 7 curare-tipped darts {!f}
 Q - 4 throwing nets {!f}
Armour
 h - a +2 pair of gloves of hurling (worn)
 r - a +0 cloak of willpower (worn)
 N - a +2 plate armour of cold resistance (worn)
 O - a +0 pair of boots (worn)
 Z - a +2 hat (worn)
Jewellery
 g - the amulet of Qaah (around neck) {Spirit Contam rF+ Str+10 Int+2}
   (You acquired it on level 4 of the Vaults)

   [amulet of guardian spirit]

   It causes incoming damage to be divided between your reserves of health and
   magic.
   Str:       It affects your strength (+10).
   Int:       It affects your intelligence (+2).
   rF:        It protects you from fire.
   Contam:    It causes magical contamination when unequipped.
 l - a ring of willpower (right hand)
 z - a ring of see invisible
 A - a +6 ring of strength (left hand)
 E - a ring of protection from cold
 G - a ring of protection from fire
 T - a ring of poison resistance
Wands
 c - a wand of mindburst (51)
 d - a wand of iceblast (22)
 u - a wand of paralysis (34)
 v - a wand of digging (17)
 x - a wand of quicksilver (25)
 I - a wand of polymorph (17)
Scrolls
 f - 22 scrolls of teleportation {@r4}
 i - 5 scrolls of magic mapping
 k - a scroll of enchant weapon
 o - 13 scrolls of fog
 y - 4 scrolls of poison
 B - 5 scrolls of immolation
 C - 3 scrolls of silence
 H - 7 scrolls of enchant armour
 U - 5 scrolls of vulnerability
 V - 5 scrolls of fear
Potions
 j - 2 potions of heal wounds {@q2}
 m - 19 potions of curing {@q1}
 n - 10 potions of attraction
 p - a potion of invisibility
 q - 8 potions of haste {@q3}
 D - 9 potions of lignification
 J - 5 potions of cancellation
 K - 2 potions of ambrosia
 L - 2 potions of resistance
 Y - a potion of might
Miscellaneous
 s - a lightning rod (4/4)
 P - a phial of floods
 S - a condenser vane
 X - a box of beasts


   Skills:
 - Level 25.0 Fighting
 - Level 24.0 Axes
 - Level 12.0 Throwing
 + Level 21.3 Armour
 - Level 12.2 Dodging
 + Level 17.0 Evocations


You had 21 spell levels left.
You didn't know any spells.
Your spell library was empty.

Dungeon Overview and Level Annotations

Branches:
Dungeon (15/15)            Temple (0/1) D:7            Lair (5/5) D:9
  Swamp (4/4) Lair:3        Snake (4/4) Lair:2        Slime (0/5) Lair:4
    Orc (2/2) D:10            Elf (0/3) Orc:2        Vaults (4/5) D:14
  Crypt (0/3) Vaults:3     Depths (4/4) D:15        Ossuary (visited)
 WizLab (visited)
    Zot: Depths:4

Altars:
Dithmenos
Fedhas
Gozag
Hepliaklqana
Kikubaaqudgha
Makhleb
Okawaru
Qazlal
Uskayaw
Vehumet
Wu Jian
Xom
The Shining One
Jiyva

Shops:
D:4 *   D:5 :   D:8 **   D:12 =   D:14 !:   Orc:2 =:((*   Snake:1 ([
Snake:3 ==:   Vaults:2 [   Depths:3 *

Portals:
Hell: Depths:1 Depths:2 Depths:3
Abyss: Depths:3
Pandemonium: Depths:2
Ziggurat: Depths:1
Trove: D:13 (give +3 shadow dragon scales)

Annotations:
D:4 2 transporters, bungle's ghost, amateur GnHu
Lair:1 2 transporters, exclusion: oklob plant, gelatine's ghost, journeyman DsHu
Swamp:2 Roxanne
Vaults:4 3 runed translucent doors, Vatovie's ghost, veteran MiFi
Depths:4 Frederick; Xtahua


Innate Abilities, Weirdness & Mutations

You have a pair of horns on your head.
You reflexively headbutt those who attack you in melee.


Message History

A freezing mist starts to gather...
A hell knight simulacrum comes into view.
Frederick shouts!
The deep troll earth mage points next to the deep troll and mumbles some strange words.
Some rock shatters into small pieces.
Frederick is engulfed in poison gas.
Frederick is poisoned.
You completely miss the hell knight. Your headbutt misses the hell knight.
You chop the hell knight simulacrum into pieces!!!
You melt the hell knight simulacrum!!
The hell knight simulacrum vaporises!
You hear a shout!
You hear a grinding noise.
The hell knight misses you.
The hell knight hits you with a +5 halberd of flaming!
* * * LOW HITPOINT WARNING * * *
Frederick is engulfed in poison gas.
Frederick looks even sicker.
Frederick hits you but does no damage.
As you read the scroll of teleportation {@r4}, it crumbles to dust.
You feel strangely unstable.
The yaktaur captain shoots a bolt.
The bolt hits the hell knight!
Your troll bites the hell knight but does no damage.
Your troll barely misses the hell knight.
Your troll claws the hell knight!
The hell knight hits you with a +5 halberd of flaming.
* * * LOW HITPOINT WARNING * * *
The hell knight invokes the aid of its god against you.
The bolt of fire hits you but does no damage.
The bolt of fire hits your butterfly!!
Your butterfly dies!
Your butterfly disappears in a burst of colours!
Frederick is engulfed in poison gas.
Frederick looks even sicker.
Frederick hits you with a +5 double sword!!
* * * LOW HITPOINT WARNING * * *
The yaktaur captain shoots a bolt.
The bolt hits the deep troll!!
You hear a shout!
You feel yourself speed up.
The iron troll shouts!
Your troll bites the hell knight.
Your troll claws the hell knight.
Your troll claws the hell knight!
The hell knight hits you with a +5 halberd of flaming!
You die...

...#.#....§§ #...##
..c.#.2.#T§☼####..##
.Tp.....#..§.T #...#
p.†)..#.# #..☼###.☼##
.)..T[..# ..T.D##..§##
....p.p.###...TD#.☼..##
....#p.qp#####cT@#§p☼§#
...###..d.d.#
#.p.§..§## ..##
#####.##.#@T§○.§§# .##
#.[#####.§☼§§# .#
##ppdqT.q§§☼## #
############


You could see Frederick (very poisoned), Xtahua, a shadow dragon, an iron troll
(wandering, unable to see you), a yaktaur captain (unable to see you), 2 hell
knights, 3 deep trolls, a deep troll earth mage and a friendly troll (summoned,
berserk).

Vanquished Creatures
  4 juggernauts (Depths:2)
  A Head Instructor (WizLab)
  Vashnia (Snake:2)
  Nikola (Vaults:1)
  A golden dragon (Depths:4)
  2 bone dragons
  A walking crystal tome (Depths:4)
  2 liches (Depths:2)
  Mlioglotl (Swamp:4)
  A deep elf master archer (Depths:3)
  A walking earthen tome (Depths:2)
  A titan (Vaults:4)
  2 tentacled monstrosities
  A quicksilver dragon (WizLab)
  An ancient champion (Depths:1)
  4 sphinxes
  Gastronok (D:11)
  2 tengu reavers
  8 fire giants
  A draconian knight (WizLab)
  Donald (Snake:2)
  8 nagarajas
  9 frost giants
  10 vault wardens
  Aizul (Snake:1)
  A balrug (Depths:3)
  18 ironbound preservers
  2 war gargoyles (Vaults:1)
  4 stone giants
  25 very ugly things
  8 ironbound thunderhulks
  A vampire knight (Depths:1)
  A green draconian (Depths:4)
  5 eleionomae
  Azrael (Orc:2)
  The ghost of ojifijod the Severer, a journeyman DrBe of Trog (Lair:3)
  A black draconian (Depths:4)
  6 bunyips
  4 dire elephants (Vaults:2)
  7 spark wasps
  Snorg (Orc:1)
  3 jiangshi (Depths:2)
  9 yaktaur captains
  6 crystal guardians
  2 ettins
  A deep elf death mage (Vaults:4)
  9 fire dragons
  A shambling mangrove (Swamp:4)
  4 great orbs of eyes
  14 hydras
  An entropy weaver (Vaults:1)
  13 vault guards
  4 salamander tyrants
  10 spriggan air magi
  3 peacekeepers
  4 ice dragons
  2 hell beasts (Depths:1)
  2 rakshasas
  2 ghost crabs
  12 ironbound frosthearts
  15 centaur warriors
  6 boulder beetles
  10 deep troll shamans
  4 alligators
  A dancing weapon (Lair:3)
  12 naga warriors
  A catoblepas (D:15)
  8 anacondas
  2 death yaks (Lair:3)
  11 tengu warriors
  6 two-headed ogres
  2 vampire magi (Depths:2)
  21 naga sharpshooters
  7 deep troll earth magi
  3 shock serpents
  3 orc high priests (Orc:2)
  12 spriggans
  4 spriggan berserkers
  3 soul eaters (Depths:3)
  2 deep elf knights (WizLab)
  2 hell knights
  A fire crab (Lair:5)
  2 skeletal warriors (Depths:1)
  9 iron trolls
  9 salamander mystics
  A sixfirhy (Depths:3)
  Amaemon (Lair:1)
  A fire crab (shapeshifter) (D:12)
  5 sea snakes (Snake:2)
  6 spriggan druids
  3 goliath frogs
  53 deep trolls
  6 naga ritualists
  A quicksilver dragon simulacrum (Depths:1)
  4 glowing orange brains
  10 swamp dragons
  3 flayed ghosts
  4 bog bodies
  8 wizards
  13 lindwurms
  3 necromancers
  A deep elf archer (Depths:3)
  A phantasmal warrior (Vaults:4)
  15 ironbound convokers
  6 orc knights
  30 ugly things
  A deep elf pyromancer (D:15)
  A deep elf zephyrmancer (D:15)
  18 harpies
  3 orc sorcerers (Orc:2)
  15 mana vipers
  A faun (shapeshifter) (Depths:2)
  5 cyclopes
  A wolf spider (Lair:5)
  5 manticores
  5 elephants
  A stone giant zombie (Vaults:4)
  3 will-o-the-wisps
  13 salamanders
  13 vault sentinels
  Joseph (D:10)
  26 black mambas
  A rust devil (Depths:2)
  16 guardian serpents
  14 naga magi
  A gargoyle (D:12)
  An orange demon (D:9)
  A molten gargoyle (Depths:1)
  10 cane toads
  2 torpor snails
  6 komodo dragons
  A kobold demonologist (D:12)
  4 tengu conjurers
  29 yaktaurs
  3 rime drakes
  A freezing wraith (Vaults:4)
  15 trolls
  3 bloated husks
  11 tyrant leeches
  14 hornets
  10 polar bears
  18 blink frogs
  2 raiju (Lair:5)
  4 dream sheep (Lair:5)
  24 slime creatures
  4 water elementals (Depths:3)
  17 yaks
  2 shadows (D:10)
  2 wraiths
  4 basilisks
  A culicivora (Vaults:1)
  11 fire bats
  2 vampires (D:12)
  Grum (D:11)
  19 wyverns
  2 fire elementals
  2 steam dragons
  3 redbacks
  5 vampire mosquitoes
  A two-headed ogre zombie (D:10)
  10 wargs
  16 water moccasins
  26 swamp worms
  49 nagas
  Duvessa (D:7)
  3 acid dragons
  16 hell hounds
  22 orc warriors
  4 swamp drakes
  A sky beast (D:8)
  A black bear (shapeshifter) (D:14)
  12 black bears
  5 ogres
  32 wolves
  7 centaurs
  4 elf zombies (Ossuary)
  A phantom (D:10)
  Blork the orc (D:6)
  A kobold brigand (D:8)
  10 bullfrogs
  A gnoll sergeant (D:9)
  A scorpion (D:5)
  3 wights (D:6)
  Dowan (D:7)
  A troll zombie (D:10)
  3 killer bees (D:7)
  An electric eel (Snake:2)
  A howler monkey (D:6)
  4 centaur zombies (Ossuary)
  2 lava snakes (Lair:2)
  A quasit (D:8)
  4 hounds
  A jelly (D:6)
  16 orc priests
  6 human zombies
  Terence (D:3)
  4 iguanas
  18 orc wizards
  4 hell rats
  A statue (D:3)
  6 ogre zombies (D:10)
  3 mummies (Ossuary)
  Robin (D:3)
  3 gnolls (D:9)
  2 adders
  3 river rats (Lair:3)
  A shadow imp (D:8)
  4 white imps
  2 ufetubi
  A worm (D:4)
  4 dart slugs
  52 orcs
  2 ball pythons
  3 endoplasms
  A giant cockroach (D:2)
  13 goblins
  8 hobgoblins
  4 jackals
  14 kobolds
  2 quokkas
  A bat (D:1)
  A frilled lizard (D:1)
  2 goblin skeletons (D:10)
  A goblin zombie (D:10)
  A hobgoblin zombie (D:10)
  3 orc skeletons (D:10)
  18 orc zombies (D:10)
  9 rats
  A butterfly (Lair:5)
1426 creatures vanquished.

Vanquished Creatures (collateral kills)
  A storm dragon (Depths:2)
  A vault guard (D:14)
  An ice dragon (Depths:2)
  2 hydras
  A salamander mystic (Snake:4)
  A necromancer (Depths:4)
  A salamander (Snake:4)
  A komodo dragon (Lair:3)
  A tyrant leech (Lair:3)
  5 blink frogs (Lair:3)
  A warg (D:10)
  2 nagas (Snake:4)
  A water moccasin (Lair:3)
19 creatures vanquished.

Vanquished Creatures (others)
  A bloated husk (Swamp:1)
  10 foxfires
11 creatures vanquished.

Grand Total: 1456 creatures vanquished

Notes
Turn   | Place    | Note
-------+----------+-------------------------------------------
     0 | D:1      | Mahakala the Minotaur Berserker began the quest for the
                  | Orb.
     0 | D:1      | Reached XP level 1. HP: 19/19 MP: 0/0
   627 | D:1      | Reached XP level 2. HP: 26/27 MP: 1/1
   802 | D:2      | Reached skill level 4 in Fighting
  1337 | D:3      | Reached XP level 3. HP: 24/33 MP: 2/2
  1385 | D:3      | Noticed Robin
  1433 | D:3      | Killed Robin
  1434 | D:3      | Reached skill level 5 in Axes
  1478 | D:3      | Found a hazy altar of Hepliaklqana.
  1571 | D:3      | Reached ** piety under Trog
  1653 | D:3      | Noticed Terence
  1663 | D:3      | Killed Terence
  1664 | D:3      | Reached XP level 4. HP: 41/41 MP: 3/3
  1853 | D:3      | Found a radiant altar of Vehumet.
  1853 | D:3      | Noticed a frost-covered statue
  2052 | D:3      | Found an ancient bone altar of Kikubaaqudgha.
  2240 | D:3      | Killed a frost-covered statue
  2414 | D:4      | Found Cuakisch's Assorted Antiques.
  2561 | D:4      | Found a transporter.
  2563 | D:4      | Noticed bungle's ghost (amateur GnHu)
  2564 | D:4      | Found a transporter.
  2564 | D:4      | Noticed a necrophage
  2956 | D:4      | Reached XP level 5. HP: 45/47 MP: 4/4
  2965 | D:4      | Found a shadowy altar of Dithmenos.
  3204 | D:4      | Bought an onyx ring for 120 gold pieces
  3233 | D:5      | Entered Level 5 of the Dungeon
  3244 | D:5      | Reached skill level 5 in Fighting
  3419 | D:5      | Noticed an ogre
  3463 | D:5      | Killed an ogre
  3464 | D:5      | Reached XP level 6. HP: 56/56 MP: 5/5
  3850 | D:5      | Found Recwo's Vocational Training.
  3900 | D:5      | Noticed a wyvern
  3904 | D:5      | Killed a wyvern
  3905 | D:5      | Reached skill level 6 in Fighting
  3981 | D:5      | Reached XP level 7. HP: 63/63 MP: 6/6
  4247 | D:6      | Noticed Blork the orc
  4263 | D:6      | Killed Blork the orc
  4476 | D:6      | Identified the +5 ring mail of Ru's Whim {Rampage *Corrode
                  | Regen+}
  4630 | D:6      | Found a glowing golden altar of the Shining One.
  4746 | D:6      | Reached skill level 10 in Axes
  4871 | D:6      | Found a hide-covered altar of Uskayaw.
  4873 | D:6      | Found an iron altar of Okawaru.
  5060 | D:6      | Reached XP level 8. HP: 70/70 MP: 7/7
  5168 | D:7      | Found a sand-covered staircase.
  5173 | Ossuary  | Entered an ossuary
  5187 | Ossuary  | Reached skill level 5 in Armour
  5483 | D:7      | Found a staircase to the Ecumenical Temple.
  5536 | D:7      | Reached *** piety under Trog
  5620 | D:7      | Noticed Dowan
  5620 | D:7      | Noticed Duvessa
  5647 | D:7      | Killed Duvessa
  5649 | D:7      | Killed Dowan
  5706 | D:7      | Reached XP level 9. HP: 76/78 MP: 8/8
  5749 | D:7      | Reached skill level 7 in Fighting
  5986 | D:8      | Reached skill level 8 in Fighting
  6052 | D:8      | Found Jyczadam's General Store.
  6054 | D:8      | Found an ornate altar of the Wu Jian Council.
  6064 | D:8      | Bought a scroll of fear for 60 gold pieces
  6314 | D:8      | Found Fyxkus's CLEARANCE SALE!.
  6319 | D:8      | Bought a scroll of enchant weapon for 37 gold pieces
  6319 | D:8      | Bought a potion of curing for 15 gold pieces
  6435 | D:8      | Reached skill level 1 in Throwing
  6641 | D:9      | Reached XP level 10. HP: 79/88 MP: 9/9
  6705 | D:9      | Found a blossoming altar of Fedhas.
  6786 | D:9      | Found a staircase to the Lair.
  6941 | D:9      | Reached **** piety under Trog
  7149 | Lair:1   | Entered Level 1 of the Lair of Beasts
  7151 | Lair:1   | Noticed an orange demon
  7208 | Lair:1   | Noticed Amaemon
  7213 | Lair:1   | Reached skill level 1 in Evocations
  7222 | D:9      | Killed an orange demon
  7298 | Lair:1   | Killed Amaemon
  7299 | Lair:1   | Reached skill level 9 in Fighting
  7451 | Lair:1   | Found a transporter.
  7456 | Lair:1   | Noticed gelatine's ghost (journeyman DsHu)
  7463 | Lair:1   | Noticed an oklob plant
  7627 | Lair:1   | Found a transporter.
  7683 | Lair:1   | Noticed a cane toad
  7693 | Lair:1   | Killed a cane toad
  7866 | Lair:2   | Reached skill level 10 in Fighting
  7999 | Lair:2   | Found a staircase to the Snake Pit.
  8039 | Lair:2   | Noticed a salamander
  8069 | Lair:2   | Killed a salamander
  8070 | Lair:2   | Reached XP level 11. HP: 100/101 MP: 10/10
  8406 | Lair:2   | Noticed an eight-headed hydra
  8473 | Lair:2   | Killed a 12-headed hydra
  8474 | Lair:2   | Reached skill level 11 in Fighting
  9073 | Lair:2   | Reached skill level 10 in Armour
  9103 | Lair:3   | Reached skill level 12 in Fighting
  9148 | Lair:3   | Reached skill level 5 in Dodging
  9260 | Lair:3   | Reached skill level 5 in Evocations
 10006 | Lair:3   | Found a runed translucent door.
 10006 | Lair:3   | Found a shimmering altar of Xom.
 10006 | Lair:3   | Noticed ojifijod's ghost (journeyman DrBe)
 10007 | Lair:3   | Noticed a +2 long sword of chaos
 10339 | Lair:3   | Noticed a five-headed hydra
 10346 | Lair:3   | Killed a five-headed hydra
 10369 | Lair:3   | Reached XP level 12. HP: 112/112 MP: 11/11
 10607 | Lair:3   | Noticed a boulder beetle
 10628 | Lair:3   | Killed a boulder beetle
 10664 | Lair:3   | Reached skill level 13 in Fighting
 11120 | Lair:3   | Found a staircase to the Swamp.
 11304 | Lair:4   | Noticed a death yak
 11305 | Lair:4   | Noticed a death yak
 11338 | Lair:3   | Killed a death yak
 11657 | Lair:4   | Reached skill level 14 in Fighting
 12046 | Lair:4   | Reached skill level 15 in Fighting
 12204 | Lair:3   | Killed a death yak
 12882 | Lair:4   | Found a viscous altar of Jiyva.
 12882 | Lair:4   | Found a staircase to the Slime Pits.
 12940 | Lair:5   | Entered Level 5 of the Lair of Beasts
 12974 | Lair:5   | Reached skill level 16 in Fighting
 13541 | Lair:5   | Reached skill level 5 in Throwing
 14276 | Lair:5   | Reached XP level 13. HP: 113/128 MP: 12/12
 15724 | Lair:5   | Reached skill level 15 in Axes
 16801 | Lair:5   | Reached ***** piety under Trog
 17759 | Lair:5   | Received a gift from Trog
 18433 | D:10     | Entered Level 10 of the Dungeon
 18433 | D:10     | Found a stormy altar of Qazlal.
 18552 | D:10     | Found a staircase to the Orcish Mines.
 18988 | D:10     | Noticed Joseph
 18999 | D:10     | Killed Joseph
 19191 | D:10     | Reached XP level 14. HP: 137/137 MP: 13/13
 19327 | D:11     | Noticed Grum
 19331 | D:11     | Killed Grum
 20059 | D:11     | Noticed Gastronok
 20081 | D:11     | Killed Gastronok
 20446 | D:12     | Identified the +2 chain mail of Appom {rF+ Dex+5 SInv}
 20559 | D:12     | Found Tera's Jewellery Emporium.
 21291 | D:12     | Found an opulent altar of Gozag.
 22097 | D:13     | Found a portal to a secret trove of treasure.
 22314 | D:13     | Reached ****** piety under Trog
 22789 | D:14     | Found Zuacan's Book Boutique.
 22855 | D:14     | Found Ogaapes's Distillery.
 22875 | D:14     | Bought a potion of cancellation for 152 gold pieces
 22875 | D:14     | Bought a potion of haste for 190 gold pieces
 23666 | D:14     | Found a gate to the Vaults.
 23764 | D:14     | Found a burning altar of Makhleb.
 23830 | D:14     | Received a gift from Trog
 24328 | D:15     | Entered Level 15 of the Dungeon
 24519 | D:14     | Reached XP level 15. HP: 67/144 MP: 14/14
 24861 | D:15     | Found a staircase to the Depths.
 27012 | Orc:1    | Entered Level 1 of the Orcish Mines
 27042 | Orc:1    | Reached skill level 17 in Fighting
 27050 | Orc:1    | Noticed Snorg
 27064 | Orc:1    | Killed Snorg
 27444 | Orc:2    | Entered Level 2 of the Orcish Mines
 27464 | Orc:2    | Noticed Azrael
 27481 | Orc:2    | Killed Azrael
 27796 | Orc:1    | Received a gift from Trog
 27982 | Orc:1    | You fall into a shaft and drop 1 floor!
 27982 | Orc:2    | Found Nilihig's General Store.
 28034 | Orc:2    | Found a staircase to the Elven Halls.
 28935 | Orc:2    | Found Fujeetryegh's Antique Weapon Boutique.
 28935 | Orc:2    | Found Ehoch's Jewellery Shoppe.
 28937 | Orc:2    | Found Waywkuv's Book Shoppe.
 28937 | Orc:2    | Found Boydeu Qeunn's Antique Weapon Boutique.
 29079 | D:5      | Bought a manual of Evocations for 800 gold pieces
 29596 | Snake:1  | Entered Level 1 of the Snake Pit
 30379 | Snake:1  | Noticed Aizul
 30403 | Snake:1  | Killed Aizul
 30898 | Snake:1  | Reached XP level 16. HP: 106/157 MP: 15/15
 31394 | Snake:1  | Found Epoas's Antique Armour Emporium.
 31394 | Snake:1  | Found Lamutuzu's Weapon Shoppe.
 31501 | Lair:3   | Killed ojifijod's ghost
 31501 | Lair:3   | Received a gift from Trog
 32387 | Snake:2  | Noticed Donald
 32389 | Snake:2  | Noticed Vashnia
 32691 | Snake:2  | Killed Donald
 32804 | Snake:2  | Killed Vashnia
 35149 | Snake:3  | Received a gift from Trog
 36637 | Snake:3  | Found Ishryfy's Jewellery Shoppe.
 36645 | Snake:3  | Found Fuarets's Book Shop.
 36646 | Snake:3  | Found Amugiwn's Jewellery Shoppe.
 36677 | Snake:4  | Entered Level 4 of the Snake Pit
 37435 | Snake:4  | Reached XP level 17. HP: 151/162 MP: 16/16
 37490 | Snake:4  | Reached skill level 15 in Armour
 37871 | Snake:4  | Received a gift from Trog
 38753 | Snake:4  | Reached skill level 10 in Evocations
 38985 | Snake:4  | Got a serpentine rune of Zot
 40745 | Swamp:1  | Entered Level 1 of the Swamp
 40962 | Swamp:1  | Received a gift from Trog
 42923 | Swamp:2  | Noticed Roxanne
 43069 | Swamp:2  | Received a gift from Trog
 43086 | Swamp:2  | You fall into a shaft and drop 1 floor!
 44074 | Swamp:3  | Reached XP level 18. HP: 134/171 MP: 17/17
 44452 | Swamp:4  | Entered Level 4 of the Swamp
 44995 | Swamp:4  | Noticed Mlioglotl
 45009 | Swamp:4  | Killed Mlioglotl
 45153 | Swamp:4  | Got a decaying rune of Zot
 45197 | Swamp:4  | Received a gift from Trog
 45888 | Vaults:1 | Entered Level 1 of the Vaults
 46769 | Vaults:1 | You fall into a shaft and drop 1 floor!
 47213 | Vaults:1 | Noticed Nikola
 47226 | Vaults:1 | Killed Nikola
 47286 | Vaults:1 | Identified the +0 quarterstaff "Wijom" {freeze, *Noise Fly
                  | Will+ Int+2}
 47301 | Vaults:1 | Reached skill level 15 in Evocations
 48483 | Vaults:1 | Received a gift from Trog
 49011 | D:12     | Bought an amulet of the acrobat for 480 gold pieces
 49462 | Vaults:2 | Reached XP level 19. HP: 170/179 MP: 18/18
 49591 | Vaults:2 | Reached skill level 10 in Dodging
 50220 | Vaults:2 | Found Pikal's Antique Armour Emporium.
 50223 | Vaults:2 | Bought a pair of boots for 153 gold pieces
 50642 | Vaults:2 | Identified the +0 sling of Doubt {freeze, Dex+3}
 50717 | Vaults:2 | Received a gift from Trog
 51051 | Vaults:2 | Reached skill level 18 in Fighting
 51832 | Vaults:3 | Reached skill level 19 in Fighting
 52207 | Vaults:3 | Identified the +5 dagger of Plague {flame, rC+ Str+3 Int+3}
 52539 | Vaults:3 | Received a gift from Trog
 52669 | Vaults:3 | Reached skill level 20 in Fighting
 52815 | Vaults:3 | Noticed a bone dragon
 52831 | Vaults:3 | Killed a bone dragon
 52966 | Vaults:3 | Found a staircase to the Crypt.
 53532 | Vaults:4 | Identified a scroll of acquirement
 53533 | Vaults:4 | Acquired the amulet of Qaah {Spirit Contam rF+ Str+10
                  | Int+2}
 53598 | Vaults:4 | Reached skill level 21 in Fighting
 53813 | Vaults:4 | Received a gift from Trog
 53986 | Vaults:4 | Reached XP level 20. HP: 72/198 MP: 5/19
 54891 | Vaults:4 | Reached skill level 22 in Fighting
 55029 | Vaults:4 | Found a runed translucent gate.
 55030 | Vaults:4 | Found a runed translucent gate.
 55030 | Vaults:4 | Found a runed translucent gate.
 55032 | Vaults:4 | Noticed Vatovie's ghost (veteran MiFi)
 55603 | Depths:1 | Entered Level 1 of the Depths
 55611 | D:15     | Received a gift from Trog
 56178 | Depths:1 | Reached skill level 10 in Throwing
 56479 | Depths:1 | You fall into a shaft and drop 1 floor!
 56479 | Depths:2 | Found a gateway to Hell.
 56561 | Depths:2 | Found a magical portal.
 56569 | WizLab   | Entered Yara's Duelist Academy
 56777 | WizLab   | Received a gift from Trog
 56950 | WizLab   | Noticed Rabeg
 56964 | WizLab   | Killed Rabeg the Head Instructor
 57392 | Depths:2 | Noticed a juggernaut
 57392 | Depths:2 | HP: 5/200 [tengu reaver/bolt of lightning (15)]
 57865 | Depths:1 | Found the +8 autumn katana {manifold assault}
 57865 | Depths:1 | Noticed a golden dragon
 57916 | Depths:1 | Found a one-way gateway to a ziggurat.
 58837 | Depths:2 | Killed a juggernaut
 59104 | Depths:2 | Reached skill level 23 in Fighting
 59231 | Depths:2 | Reached XP level 21. HP: 211/211 MP: 20/20
 59830 | Depths:2 | Noticed a juggernaut
 59845 | Depths:2 | Killed a juggernaut
 60018 | Depths:2 | Reached skill level 24 in Fighting
 60291 | Depths:2 | Found a one-way gate leading to the halls of Pandemonium.
 60729 | Depths:2 | Identified the +3 robe "Ceollerr" {rF++ rC+ Will+ MP-9}
 60729 | Depths:2 | Identified the +6 scale mail of Powerful Curiosity {rC++}
 60792 | Depths:2 | Received a gift from Trog
 60922 | Depths:2 | Identified the +0 mace of Sazafi {freeze, *Noise Fly Int+3
                  | Dex+4}
 60947 | Depths:2 | Noticed a juggernaut
 60959 | Depths:2 | Killed a juggernaut
 61252 | Depths:2 | Noticed a juggernaut
 61261 | Depths:2 | Killed a juggernaut
 61262 | Depths:2 | Reached skill level 25 in Fighting
 62130 | Depths:3 | Found Lomuss's Elemental Accessories.
 62667 | Depths:3 | Identified the +4 shortbow of Harmony {heavy, Drain rPois
                  | Int+6}
 63239 | Depths:3 | Found a one-way gate to the infinite horrors of the Abyss.
 63594 | Depths:3 | Found a hazy altar of Hepliaklqana.
 63714 | Depths:4 | Entered Level 4 of the Depths
 63762 | Depths:4 | Received a gift from Trog
 64123 | Depths:4 | Noticed Frederick
 64309 | Depths:4 | Found a glowing golden altar of the Shining One.
 64950 | Depths:4 | Noticed a golden dragon
 64961 | Depths:4 | Killed a golden dragon
 64983 | Depths:4 | Reached XP level 22. HP: 74/226 MP: 15/21
 65019 | Depths:4 | Noticed Xtahua
 65022 | Depths:4 | HP: 6/193 [black draconian/bolt of lightning (13)]
 65040 | Depths:4 | HP: 4/193 [Frederick/+5 double sword (24)]
 65041 | Depths:4 | Mangled by a hell knight

Illustrated notes

Levels and vault maps discovered:
D:1:      ncdulo_smallfort, layout_basic, minmay_door_square
D:2:      layout_basic
D:3:      layout_loops_ring, lemuel_coloured_pillars_altar,
          mainiacjoe_overflow_small_starburst, vehumet_statue,
          solitary_fountain, uniq_terence, uniq_robin
D:4:      layout_basic, mainiacjoe_overflow_alcove_2, gammafunk_ghost_mausoleum,
          serial_shops, nicolae_shop_peninsula
D:5:      layout_loops_ring, grunt_ministairs_1, nicolae_shop_vocational
D:6:      layout_basic, lemuel_doored_altar, mainiacjoe_overflow_catwalk_spiral,
          uniq_blork_the_orc
D:7:      layout_cave_pools, minmay_temple_entry_grid, enter_ossuary_2,
          uniq_duvessa
D:8:      layout_rooms, mainiacjoe_overflow_tiny_flanked, serial_shops,
          nicolae_shop_getting_attention, serial_demonic, serial_demonic_g,
          serial_demonic_g, serial_demonic_a, serial_demonic_f,
          nicolae_shop_clearance
D:9:      layout_rooms, fedhas_ov_isle_minmay, lair_entry_dummy
D:10:     layout_loops_ring, nicolae_qazlal_scattered_showers,
          zombieorc2_lemuel, uniq_joseph
D:11:     layout_gridville, grunt_decor_arrowhead, uniq_gastronok, uniq_grum
D:12:     layout_loops_ring, serial_shops, shop,
          nicolae_gozag_cash_rules_everything_around_me
D:13:     layout_long_grid, nicolae_trove_entry_diagonal,
          amcnicky_mini_corridor_feature
D:14:     layout_long_grid, erik_vaults_2, serial_shops,
          nicolae_shop_window_shopping, shop, bloody_makhleb
D:15:     hangedman_depths_entry_civil_slaughter, layout_basic,
          minmay_stone_trees_small, hangedman_aviary
Lair:1:   layout_misc_corridors, nzn_ghost_randoct, uniq_amaemon
Lair:2:   layout_chaotic_city, minmay_snake_entry_guardpost_small, st_stairs_7
Lair:3:   layout_layer_cave, minmay_swamp_entry_worms, ebering_ghost_xom,
          kennysheep_abandoned_house
Lair:4:   layout_long_grid, dpeg_slime_entry_corner
Lair:5:   hangedman_lair_tendril_chambers, layout_gridlike,
          hangedman_lair_caniforms_friends, serial_bayou_shore_b,
          lemuel_fruit_fields, lemuel_fruit_tree
Swamp:1:  layout_basic_swamp, evilmike_swamp_ruin_house_5,
          nicolae_swamp_very_dense_foliage
Swamp:2:  layout_basic_swamp, evilmike_swamp_ruin_house_1, swamp_pool2,
          worms_lemuel, uniq_roxanne
Swamp:3:  layout_basic_swamp, evilmike_swamp_ruin_house_3
Swamp:4:  swamp_alternative, layout_basic_swamp, uniq_mlioglotl
Snake:1:  layout_cave_shapes, grunt_megastairs_3, minmay_shoptagon, uniq_aizul
Snake:2:  layout_basic, serial_bayou_shore_b, serial_bayou_shore_a, uniq_donald,
          uniq_vashnia
Snake:3:  layout_cave_town, minmay_shop_grove
Snake:4:  snake_hunt, layout_chambers, grunt_megastairs_4
Orc:1:    layout_caves, basic_altar, uniq_snorg
Orc:2:    grunt_orc_tribal_feast, layout_caves, serial_shops,
          nicolae_shop_crystal, basic_altar, uniq_azrael
Vaults:1: hangedman_vaults_trim, vaults_dpeg_diagonal,
          nicolae_vaults_shipping_containers_3, nicolae_vaults_network_s,
          v_misc_3, vaults_room_door_ring, vaults_room_grid,
          nicolae_vaults_stepped_doors, nicolae_vaults_storage_closets_1,
          nicolae_vaults_offset_grid_hallway_1, v_misc_9,
          ontoclasm_vaults_claustrophobia, vaults_room_semicircle,
          nicolae_vaults_tetromino_Z_2, vaults_room_pools,
          layout_vaults_omnibox, uniq_nikola
Vaults:2: hangedman_vaults_trim, nicolae_vaults_rhombus_6,
          nicolae_vaults_swerve, vaults_standard_mumra_enter_the_diamond,
          nicolae_vaults_little_squares_2, nicolae_vaults_tetromino_T_2,
          v_rooms_5, nicolae_vaults_ellipses_ellipsis,
          ontoclasm_vaults_misaligned, hangedman_vaults_snaps, v_alt_pattern_2,
          v_misc_15, layout_vaults_omnicross, serial_shops,
          nicolae_shop_real_fake_doors
Vaults:3: v_pattern_1, minmay_crypt_entry_nasty_monster, ontoclasm_vaults_idyll,
          nicolae_vaults_angled_halls, v_misc_8, st_squares,
          nicolae_vaults_trapezoid_2, v_misc_1, nicolae_vaults_disjoint_gnomons,
          nicolae_vaults_tetromino_Z_1, nicolae_vaults_alarming,
          nicolae_vaults_yaktaur_gun_rack, hangedman_vaults_cutoff,
          nicolae_vaults_theta, nicolae_vaults_trapezoid_layered,
          layout_vaults_maze
Vaults:4: gammafunk_ghost_tricky_traps, vaults_standard_mumra_x, v_misc_27,
          nicolae_vaults_mitosis, nicolae_vaults_circle_grid_a,
          nicolae_vaults_closet_pinwheel_3, vaults_dpeg_hooks,
          nicolae_vaults_storage_closets_2, vaults_dpeg_doors, v_misc_30,
          st_cells, nicolae_vaults_bisected_slash, layout_vaults_ring
Depths:1: layout_cave_pools, enter_ziggurat_f, grunt_mini_vestibule,
          minivault_11, minivault_12
Depths:2: minmay_the_grid_net [minmay_the_grid_minigrid_small,
          minmay_the_grid_artifice, minmay_the_grid_paths,
          minmay_the_grid_outer_circle, minmay_the_grid_outer_diamond,
          minmay_the_grid_prize_shrinking_boxes], layout_gridlike,
          mu_enter_wizlab_7, grunt_pan_entry_zigzag, hell_entry,
          minmay_misc_feat_chi, minmay_hollow_rounded_squares,
          infiniplex_staircase_x
Depths:3: dreamdust_merry_men, layout_cave_pools, abyss_entry,
          serial_column_ruins, column_ruins_hut_ruined, column_ruins_open_tiny,
          column_ruins_corridor_straight, column_ruins_columns_straight,
          column_ruins_open_tiny, column_ruins_grid_1, hellmouth_1,
          nicolae_elemental_shop, kennysheep_nub,
          worldfamousw_hep_ancestral_shrine, minmay_staircase_windowed_large
Depths:4: grunt_x_marks_the_spot, layout_twisted_cross, rand_demon_pan_entry_7,
          nicolae_tso_carved_into_rock, pf_coc_iceberg, uniq_frederick,
          uniq_xtahua

Skill      XL: |  1  2  3  4  5  6  7  8  9 10 11 12 13 14 15 16 17 18 19 20 21 |
---------------+----------------------------------------------------------------+-----
Axes           | 4 5 6 7 8 10 12 13 14 18 20 21 24 | 24.0
Fighting       | 4 5 6 8 10 12 16 17 21 23 25 | 25.0
Armour         | 4 6 8 10 12 14 17 19 20 21 | 21.3
Dodging        | 4 7 8 9 12 | 12.2
Throwing       | 2 4 5 6 8 9 12 | 12.0
Evocations     | 4 6 8 13 16 17 | 17.0

Action                     |  1- 3 |  4- 6 |  7- 9 | 10-12 | 13-15 | 16-18 | 19-21 | 22-24 || total
---------------------------+-------+-------+-------+-------+-------+-------+-------+-------++-------
  Melee: Hand axe          |    72 |    90 |   369 |   782 |    56 |       |       |       ||  1369
         Headbutt          |     8 |    22 |    72 |   180 |   260 |   223 |   211 |     2 ||   978
         Punch             |     1 |     3 |     4 |    11 |     1 |       |       |       ||    20
         Battleaxe         |       |       |       |       |  1104 |   175 |       |       ||  1279
         Executioner's axe |       |       |       |       |       |   892 |   880 |     6 ||  1778
  Throw: Dart              |       |     1 |       |    18 |    23 |       |       |       ||    42
         Boomerang         |       |       |       |     6 |     6 |    51 |   148 |       ||   211
 Invoke: Berserk           |     2 |     4 |     4 |    15 |    11 |    12 |     8 |     1 ||    57
         Trog's Hand       |       |       |     1 |     3 |     2 |     1 |     3 |       ||    10
         Brothers in Arms  |       |       |       |     3 |     2 |     2 |     1 |     2 ||    10
  Evoke: Wand              |       |       |       |     2 |       |     3 |     5 |       ||    10
         Phial of floods   |       |       |       |       |       |     2 |       |       ||     2
    Use: Scroll            |     1 |     4 |     5 |       |    14 |    11 |    11 |     7 ||    53
         Potion            |       |       |       |     3 |       |       |     3 |     5 ||    11
   Stab: Invisible         |       |     1 |       |       |       |       |       |     1 ||     2
         Distracted        |       |       |       |       |       |       |     1 |       ||     1
 Armour: Ring mail         |    15 |    19 |   111 |   118 |       |       |       |       ||   263
         Plate armour      |       |       |       |   162 |   227 |   561 |   428 |    16 ||  1394
         Chain mail        |       |       |       |       |   251 |       |       |       ||   251
  Dodge: Dodged            |    34 |    44 |   151 |   329 |   555 |   442 |   431 |    13 ||  1999
